AoeStats
← sam_robinson1994

Oasis

508096147Analyzed
2v2 RM · 13d ago on Sep 20, 2026· 61m 38s· 4 players
Game mode
Random Map
Map size
Medium (4 player)
Population
200
Speed
Normal
Resources
Standard
Victory
Conquest
Starting age
Dark Age
Ending age
Imperial Age
RankedLock teamsTeams togetherTeam positionsShared explorationLock speedFull tech treeHidden civsTurbo modeCheats
Victory
Defeat
🇺🇸 Britons · United States
1290
+15
🇺🇸 Burgundians · United States
1214
+19
🇳🇱 Ethiopians · Netherlands
1273
-17
🇬🇧 Romans · United Kingdom
1271
-17
sam_robinson1994
9:58 Feudal Age
13:01 Loom
17:41 Double-Bit Axe
21:50 Castle Age
22:54 Scale Barding Armor
23:00 Forging
24:55 Chain Barding Armor
25:15 Iron Casting
33:17 Bloodlines
39:29 Imperial Age
37:30 Bow Saw
39:03 Husbandry
41:04 Plate Barding Armor
41:32 Comitatenses
41:17 Fletching
44:48 Conscription
43:56 Elite Centurion
47:17 Conscription
48:24 Blast Furnace
49:14 Bodkin Arrow
55:37 Caravan
60:13 Light Cavalry
Maximus
8:25 Feudal Age
8:12 Loom
8:58 Double-Bit Axe
14:01 Horse Collar
15:03 Padded Archer Armor
14:55 Fletching
23:51 Castle Age
22:28 Gold Mining
22:45 Padded Archer Armor
23:48 Town Watch
24:38 Wheelbarrow
24:32 Heavy Plow
24:29 Bodkin Arrow
24:01 Crossbowman
26:19 Ballistics
27:05 Leather Archer Armor
28:12 Thumb Ring
32:08 Wheelbarrow
38:07 Imperial Age
35:58 Hand Cart
38:57 Bow Saw
39:06 Bracer
40:08 Chemistry
38:39 Arbalester
39:30 Bow Saw
40:17 Bracer
41:09 Ring Archer Armor
48:21 Conscription
47:46 Elite Skirmisher
56:49 Two-Man Saw
57:41 Forging
57:32 Scale Mail Armor
59:10 Iron Casting
58:35 Halberdier
59:16 Squires
Spider2YBanana
7:33 Loom
9:26 Feudal Age
9:33 Man-at-Arms
10:00 Double-Bit Axe
12:59 Horse Collar
19:14 Loom
22:08 Castle Age
20:22 Stone Mining
20:23 Gold Mining
22:16 Fletching
22:11 Crossbowman
23:10 Bodkin Arrow
24:19 Wheelbarrow
25:27 Bow Saw
26:40 Ballistics
28:49 Heavy Plow
31:45 Wheelbarrow
33:43 Yeomen
34:09 Padded Archer Armor
41:10 Imperial Age
39:47 Hand Cart
40:34 Town Watch
41:06 Leather Archer Armor
41:39 Gold Shaft Mining
41:56 Bracer
42:58 Chemistry
42:51 Ring Archer Armor
42:56 Conscription
43:57 Murder Holes
43:35 Arbalester
45:05 Pikeman
52:05 Scale Mail Armor
52:44 Fortified Wall
52:18 Elite Longbowman
53:39 Hoardings
53:12 Warwolf
52:52 Long Swordsman
54:03 Caravan
Supreme Lord 'Kim Xi Trump'
3:34 Loom
6:14 Double-Bit Axe
11:22 Feudal Age
10:07 Horse Collar
10:19 Gold Mining
13:11 Bow Saw
19:01 Castle Age
18:33 Scale Barding Armor
21:19 Husbandry
21:38 Cavalier
25:26 Forging
25:13 Town Watch
26:51 Stone Mining
27:58 Fletching
28:08 Padded Archer Armor
29:08 Elite Skirmisher
32:55 Two-Man Saw
37:48 Wheelbarrow
43:12 Imperial Age
42:25 Scale Mail Armor
42:21 Bodkin Arrow
42:41 Leather Archer Armor
42:30 Pikeman
43:10 Squires
42:56 Arson
44:27 Town Patrol
44:44 Hand Cart
47:12 Capped Ram
49:28 Heavy Plow
49:05 Elite Coustillier
49:09 Halberdier
50:17 Chain Barding Armor
54:49 Paladin
56:08 Bracer
56:45 Plate Barding Armor
57:01 Light Cavalry
57:50 Hussar
60:27 Hoardings
61:19 Caravan
Connection lost

Rejoining the realm…

Still unreachable

The connection could not be restored.

Session expired

The server has moved on; the page needs a fresh start.